 Dungeon Crawl Stone Soup version 0.24.0-123-gd5b16e6ec5 (webtiles) character file.

Game seed: 11180127700738545549, levelgen mode: deterministic

3 vurker the Gusty (level 1, 0/7 HPs)
             Began as a Felid Air Elementalist on Feb 4, 2020.
             Slain by a hobgoblin
             ... wielding a +0 club
              (7 damage)
             ... on level 1 of the Dungeon.
             The game lasted 00:00:22 (163 turns).

vurker the Gusty (Felid Air Elementalist)            Turns: 163, Time: 00:00:23

Health: 0/7        AC:  1    Str:  4    XL:     1   Next: 41%
Magic:  1/4        EV: 18    Int: 16    God:
Gold:   21         SH:  0    Dex: 16    Spells: 3/4 levels left
                                        Lives:  0   Deaths: 0

rFire    . . .     SeeInvis +   (weapon unavailable)
rCold    . . .     Gourm    .   (shield unavailable)
rNeg     . . .     Faith    .   (armour unavailable)
rPois    .         Spirit   .   (helmet unavailable)
rElec    .         Reflect  .   (cloak unavailable)
rCorr    .         Harm     .   (gloves unavailable)
MR       .....                  (boots unavailable)
Stlth    +++.......             (no amulet)
HPRegen  0.02/turn              (no ring)
MPRegen  0.09/turn              (no ring)

@: very slightly contaminated, quick
A: very small, no armour, no weapons or thrown items, stealth, claws 1, fangs 3,
see invisible, carnivore, speed 1, shaggy fur 1, slow metabolism 1, sharp paws
a: no special abilities


You were on level 1 of the Dungeon.
You were not hungry.

You visited 1 branch of the dungeon, and saw 1 of its levels.

You collected 21 gold pieces.

Inventory:

Comestibles
 e - 2 rations


   Skills:
 + Level 0.1 Fighting
 - Level 2.6 Dodging
 - Level 2.6 Stealth
 * Level 2.0 Spellcasting
 * Level 1.0 Conjurations
 * Level 2.8 Air Magic


You had 3 spell levels left.
You knew the following spells:

 Your Spells              Type           Power        Failure   Level  Hunger
a - Shock                 Conj/Air       #...         10%         1    #......

Your spell library contained the following spells:

 Spells                   Type           Power        Failure   Level  Hunger
 Swiftness                Chrm/Air       #.......     19%         2    ###....
 Static Discharge         Conj/Air       #.......     28%         3    ###....
 Airstrike                Air            ##........   54%         4    #####..
 Lightning Bolt           Conj/Air       #.........   95%         5    ######.


Dungeon Overview and Level Annotations

Branches:
Dungeon (1/15)

Altars:


Innate Abilities, Weirdness & Mutations

You cannot wear armour.
You are incapable of wielding weapons or throwing items.
Your paws allow you to move quietly. (Stealth)
You have sharp claws.
You have razor-sharp teeth.
You have supernaturally acute eyesight. (SInv)
You are carnivorous and can eat meat at any time.
You cover ground quickly.
You are covered in fur. (AC +1)
You have a slow metabolism.
Your sharp claws are effective at attacking unaware monsters.


Message History

The zap misses the giant cockroach.
The giant cockroach completely misses you.
Aim: a giant cockroach (clinging)
The zap hits the giant cockroach.
The giant cockroach misses you.
Aim: a giant cockroach (severely wounded, clinging)
The zap hits the giant cockroach.
You kill the giant cockroach!
You can't see any susceptible monsters within range! (Use Z to cast anyway.)
You can't see any susceptible monsters within range! (Use Z to cast anyway.)
Found a scroll labeled SIDENL JASTU.
A frilled lizard comes into view.
A frilled lizard is nearby!
The zap hits the frilled lizard.
You kill the frilled lizard!
You can't see any susceptible monsters within range! (Use Z to cast anyway.)
You can't see any susceptible monsters within range! (Use Z to cast anyway.)
A giant cockroach and a hobgoblin come into view.
You see here a scroll labeled SIDENL JASTU.
There are monsters nearby!
There are monsters nearby!
Aim: a giant cockroach (clinging, resting)
You miscast Shock.
You are very lightly contaminated with residual magic.
Nothing appears to happen.
Aim: a giant cockroach (clinging, resting)
The zap hits the giant cockroach.
The hobgoblin shouts!
Unknown command.
Aim: a giant cockroach (heavily wounded, clinging)
The zap hits the giant cockroach.
You kill the giant cockroach!
Your Conjurations skill increases to level 1!
Aim: a hobgoblin, wielding a +0 club The zap hits the hobgoblin.
You don't have enough magic to cast that spell.
The hobgoblin completely misses you.
You scratch the hobgoblin. The hobgoblin misses you.
You closely miss the hobgoblin.
You bite the hobgoblin, but do no damage.
The hobgoblin barely misses you.
You scratch the hobgoblin but do no damage.
The hobgoblin closely misses you.
You barely miss the hobgoblin. The hobgoblin closely misses you.
You closely miss the hobgoblin. The hobgoblin misses you.
You scratch the hobgoblin.
You scratch the hobgoblin but do no damage.
The hobgoblin misses you.
You closely miss the hobgoblin. The hobgoblin hits you with a +0 club!
Ouch! That really hurt!
You die...

#....... ......
...... .... #...
#..# #.g# #.@#
#####
#..########...##
#..?.........#.####
#...######.#......#
#..#.# #.###.##.#
#....# ###...###.#
#..### ...........
#.. ########... #..
#..#


You could see a hobgoblin.

Vanquished Creatures
  2 giant cockroaches (D:1)
  A frilled lizard (D:1)
3 creatures vanquished.

Notes
Turn   | Place    | Note
-------+----------+-------------------------------------------
     0 | D:1      | vurker the Felid Air Elementalist began the quest for the
                  | Orb.
     0 | D:1      | Reached XP level 1. HP: 7/7 MP: 4/4
   152 | D:1      | Reached skill level 1 in Conjurations
   163 | D:1      | Slain by a hobgoblin

Levels and vault maps discovered:
D:1:      dpeg_arrival_more_subterranean_lakeside_camping, layout_loops_ring

Skill      XL: |  1 |
---------------+----+-----
Conjurations   | 1 |  1.0
Fighting       | |  0.1
Dodging        | |  2.6
Stealth        | |  2.6
Spellcasting   | |  2.0
Air Magic      | |  2.8

Action                   || total
-------------------------++-------
Melee: Unarmed           ||     8
       Bite              ||     1
 Cast: Shock             ||     7
Dodge: Dodged            ||     9
